 Dungeon Crawl Stone Soup version 0.29.1 (webtiles) character file.

Game seed: 1967874537075387659

11307 Icepheonix32 the Fighter (level 11, 0/153 HPs)
             Began as a Minotaur Fighter on Sept 14, 2022.
             Was a Believer of Okawaru.
             Slain by a white ugly thing (27 damage)
             ... on level 11 of the Dungeon.
             The game lasted 00:18:57 (12065 turns).

Icepheonix32 the Fighter (Minotaur Fighter)        Turns: 12065, Time: 00:18:57

Health: 0/153      AC: 29    Str: 28    XL:     11   Next: 47%
Magic:  11/12      EV:  2    Int:  5    God:    Okawaru [**....]
Gold:   691        SH:  0    Dex:  9    Spells: 10/10 levels left

rFire   . . .      SeeInvis .   j - +5 whip of Itwa {flame, Str+2}
rCold   . . .      Faith    .   (no shield)
rNeg    . . .      Spirit   .   (body armour currently unavailable)
rPois   +          Reflect  .   (helmet currently unavailable)
rElec   .          Harm     .   (cloak currently unavailable)
rCorr   .          Rampage  .   (gloves currently unavailable)
Will    .....      NoTele   +   (boots currently unavailable)
Stlth   +++.......              A - amulet of the acrobat
HPRegen 0.35/turn               g - +4 ring of evasion
MPRegen 0.13/turn               M - +4 ring of protection

@: tree-form (expiring), heroic
A: stationary, stasis, torment immunity, boosted hp, (horns 2), (retaliatory
headbutt)
a: Renounce Religion, Heroism


You were on level 11 of the Dungeon.
You worshipped Okawaru.
Okawaru was pleased with you.
You were a tree.
You visited 2 branches of the dungeon, and saw 12 of its levels.

You collected 691 gold pieces.

Inventory:

Hand Weapons
 j - the +5 whip of Itwa (weapon) {flame, Str+2}
   (You found it on level 2 of the Dungeon)

   It burns those it strikes, dealing additional fire damage.
   Str:       It affects your strength (+2).
 G - a +2 vampiric hand axe
 N - a +3 flail of protection
Missiles
 v - 15 boomerangs (quivered)
 J - 3 throwing nets
Armour
 b - a +6 plate armour of ponderousness
 c - a +0 buckler
 l - a +0 pair of gloves (melded)
 x - a +0 chain mail
 D - a +0 pair of boots (melded)
 H - +0 swamp dragon scales (melded)
 L - a +0 cloak (melded)
Jewellery
 e - a ring of fire
 g - a +4 ring of evasion (left branch)
 h - a ring of poison resistance
 i - an amulet of magic regeneration
 n - a ring of see invisible
 z - a ring of protection from fire
 A - an amulet of the acrobat (around neck)
 B - a +6 ring of intelligence
 M - a +4 ring of protection (right branch)
Wands
 a - a wand of roots (9)
 q - a wand of flame (21)
 t - a wand of polymorph (7)
 I - a wand of digging (5)
Scrolls
 o - a scroll of immolation
 p - 2 scrolls of vulnerability
 s - 2 scrolls of identify
 u - 2 scrolls of noise {unknown}
 y - a scroll of teleportation
 F - a scroll of amnesia
Potions
 d - 2 potions of might
 f - 4 potions of attraction {unknown}
 k - a potion of lignification
 r - a potion of flight
 E - 2 potions of haste {unknown}
 K - a potion of brilliance {unknown}
Miscellaneous
 m - a phial of floods


   Skills:
 * Level 11.1(16.1) Fighting
 + Level 2.7(12.5) Axes
 + Level 10.9(16.1) Maces & Flails
 + Level 2.5(7.5) Throwing
 + Level 9.7(14.7) Armour
 + Level 6.4(11.4) Dodging
 + Level 1.4(6.4) Stealth
 - Level 4.1(9.1) Shields
 - Level 1.4(6.4) Unarmed Combat
 * Level 2.8 Invocations
 * Level 6.6 Evocations


You had 10 spell levels left.
You didn't know any spells.
Your spell library contained the following spells:

 Spells                   Type           Power      Damage    Failure   Level
 Freeze                   Ice            0%         1d3       47%         1
 Sandblast                Erth           0%         2d4       47%         1
 Slow                     Hex            0%         N/A       47%         1
 Passwall                 Tmut/Erth      0%         N/A       63%         2
 Confusing Touch          Hex            0%         N/A       85%         3
 Stone Arrow              Conj/Erth      0%         3d7       85%         3
 Vampiric Draining        Necr           0%         2d6       85%         3
 Conjure Ball Lightning   Conj/Air       0%         3x3d6     100%        6
 Discord                  Hex            0%         N/A       100%        8
 Disjunction              Tloc           0%         N/A       100%        8


Dungeon Overview and Level Annotations

Branches:
Dungeon (11/15)            Temple (1/1) D:4            Lair (0/5) D:8
    Orc (0/2) D:10

Altars:
Ashenzari
Cheibriados
Dithmenos
Elyvilon
Fedhas
Gozag
Hepliaklqana
Kikubaaqudgha
Makhleb
Nemelex Xobeh
Okawaru
Qazlal
Ru
Sif Muna
Trog
Uskayaw
Vehumet
Wu Jian
Xom
Yredelemnul
Zin
The Shining One

Shops:
D:3 :   D:8 :


Innate Abilities, Weirdness & Mutations

You are a tree.
Your roots penetrate the ground, keeping you stationary.
You cannot be teleported.
You are immune to unholy pain and torment.
Your maximum health is greatly increased.
Your equipment is partially melded.
((You have a pair of horns on your head.))
((You reflexively headbutt those who attack you in melee.))


Message History

Deactivating autopickup; reactivate with Ctrl-A.
It was a potion of heal wounds.
You feel much better.
The white ugly thing tail-slaps you but does no damage.
The manticore bites you.
* * * LOW HITPOINT WARNING * * *
The manticore claws you but does no damage. x2
You feel much better.
The white ugly thing tail-slaps you but does no damage.
The shadow strikes at you from the darkness!
* * * LOW HITPOINT WARNING * * *
Reactivating autopickup.
The manticore bites you!
* * * LOW HITPOINT WARNING * * *
The manticore claws you but does no damage.
The manticore claws you.
* * * LOW HITPOINT WARNING * * *
You feel much better.
The white ugly thing tail-slaps you but does no damage.
The shadow barely misses you.
The manticore bites you but does no damage.
The manticore claws you but does no damage.
The manticore claws you.
* * * LOW HITPOINT WARNING * * *
You hit the manticore. You burn the manticore.
The manticore is almost dead.
The white ugly thing tail-slaps you but does no damage.
The shadow hits you.
Unknown command.
You whack the manticore! You burn the manticore.
You kill the manticore!
Okawaru accepts your kill.
You closely miss the white ugly thing.
The white ugly thing is lightly wounded.
Your transformation is almost over.
The shadow hits you.
The white ugly thing tail-slaps you but does no damage.
You feel better. The white ugly thing tail-slaps you.
* * * LOW HITPOINT WARNING * * *
The white ugly thing freezes you!!
You die...

$. .##### ..$..
...# ..# #
#.###.####.#..
#....Wu.......
#.♣†......
#.#####... # #.#
##.###### #.#
........###.#
#..........#
#.####.#...#####
..##.#..>......
..###...####


You could see a white ugly thing and a shadow.

Vanquished Creatures
  A hydra (D:6)
  2 two-headed ogres
  A wizard (D:11)
  A cyclops (D:11)
  A manticore (D:11)
  Maggie (D:8)
  A komodo dragon (D:8)
  A hornet (D:7)
  A troll (D:11)
  2 shadows (D:10)
  A wyvern (D:7)
  A wraith (D:11)
  Eustachio (D:5)
  3 steam dragons
  6 yaks
  3 vampire mosquitoes (D:10)
  Menkaure (D:7)
  2 acid dragons (D:9)
  2 water moccasins
  6 orc warriors
  A black bear (D:8)
  2 sky beasts (D:7)
  3 ice beasts
  An ogre (D:6)
  3 centaurs (D:9)
  6 bullfrogs
  6 gnoll sergeants
  4 necrophages
  3 scorpions
  6 killer bees
  4 howler monkeys
  3 hounds (D:5)
  2 jellies
  Crazy Yiuf (D:6)
  4 orc priests
  4 gnoll boudas
  Natasha (D:3)
  9 iguanas
  10 orc wizards
  5 adders
  41 gnolls
  A shadow imp (D:5)
  5 white imps
  2 ufetubi
  A worm (D:2)
  3 dart slugs
  41 orcs
  10 ball pythons
  7 endoplasms
  3 goblins
  8 hobgoblins
  14 jackals
  9 bats
  3 frilled lizards
  9 kobolds
  2 rats (D:1)
275 creatures vanquished.

Vanquished Creatures (others)
  10 fungi
  4 plants (D:8)
14 creatures vanquished.

Grand Total: 289 creatures vanquished

Notes
Turn   | Place    | Note
-------+----------+-------------------------------------------
     0 | D:1      | Icepheonix32 the Minotaur Fighter began the quest for the
                  | Orb.
     0 | D:1      | Reached XP level 1. HP: 19/19 MP: 0/0
   164 | D:1      | Reached skill level 4 in Fighting
   164 | D:1      | Reached XP level 2. HP: 20/27 MP: 1/1
   437 | D:1      | Found a faded altar of an unknown god.
   446 | D:1      | Got Plato's Vellum of the Iceberg
   647 | D:1      | Reached XP level 3. HP: 23/34 MP: 2/2
   905 | D:2      | Identified the +5 whip of Itwa {flame, Str+2}
  1437 | D:3      | Found Baries's Book Shoppe.
  1473 | D:3      | Reached XP level 4. HP: 41/41 MP: 3/3
  1508 | D:3      | Found a burning altar of Makhleb.
  1510 | D:3      | Noticed a blizzard demon
  1605 | D:3      | Reached skill level 5 in Fighting
  1844 | D:3      | Reached skill level 1 in Dodging
  1863 | D:3      | Reached XP level 5. HP: 48/48 MP: 4/4
  1972 | D:3      | Noticed Natasha
  1977 | D:3      | Killed Natasha
  2413 | D:4      | Found a shimmering blue altar of Sif Muna.
  2428 | D:4      | Reached skill level 1 in Maces & Flails
  2428 | D:4      | Reached skill level 5 in Armour
  2503 | D:4      | Reached skill level 1 in Evocations
  2707 | D:4      | Reached XP level 6. HP: 51/57 MP: 5/5
  2769 | D:4      | Found a staircase to the Ecumenical Temple.
  2776 | Temple   | Entered the Ecumenical Temple
  3089 | D:5      | Entered Level 5 of the Dungeon
  3147 | D:5      | Noticed Eustachio
  3169 | D:5      | Killed Eustachio
  3170 | D:5      | Reached skill level 6 in Fighting
  3170 | D:5      | Reached XP level 7. HP: 56/63 MP: 6/6
  3503 | D:5      | Reached skill level 1 in Unarmed Combat
  3905 | D:5      | Reached XP level 8. HP: 48/71 MP: 7/7
  4123 | D:5      | Found a snail-covered altar of Cheibriados.
  4123 | D:5      | Found a stormy altar of Qazlal.
  4173 | D:5      | Reached skill level 1 in Throwing
  4191 | D:5      | Reached skill level 7 in Fighting
  4643 | D:6      | Reached skill level 5 in Maces & Flails
  5145 | D:6      | Reached XP level 9. HP: 80/80 MP: 8/8
  5257 | D:6      | Found a runed translucent door.
  5258 | D:6      | Noticed Crazy Yiuf
  6113 | D:6      | Noticed an eight-headed hydra
  6119 | D:6      | Killed an eight-headed hydra
  6120 | D:6      | Reached skill level 8 in Fighting
  6120 | D:6      | Reached skill level 1 in Stealth
  6756 | D:6      | Killed Crazy Yiuf
  6774 | D:6      | Gained mutation: You are robust. (+10% HP) [potion of
                  | mutation]
  6774 | D:6      | Lost mutation: You are robust. (+10% HP) [potion of
                  | mutation]
  6946 | D:7      | Found a glowing golden altar of the Shining One.
  7300 | D:7      | Reached XP level 10. HP: 90/90 MP: 9/9
  7313 | D:7      | Reached skill level 9 in Fighting
  7313 | D:7      | Reached skill level 5 in Evocations
  7337 | D:7      | Reached skill level 5 in Dodging
  7484 | D:7      | Noticed Menkaure
  7489 | D:7      | Killed Menkaure
  7909 | D:7      | Found a sparkling altar of Nemelex Xobeh.
  8137 | D:8      | Noticed a two-headed ogre
  8146 | D:8      | Killed a two-headed ogre
  8191 | D:8      | Noticed Maggie
  8209 | D:8      | Killed Maggie
  8489 | D:8      | Found a staircase to the Lair.
  8848 | D:8      | Found Ycuhu's Book Boutique.
  8887 | D:7      | Found an ornate altar of the Wu Jian Council.
  8887 | D:7      | Found an iron altar of Okawaru.
  8887 | D:7      | Found a blossoming altar of Fedhas.
  8898 | D:7      | Became a worshipper of Warmaster Okawaru
  9592 | D:9      | Reached skill level 10 in Fighting
  9602 | D:9      | Reached skill level 1 in Invocations
 10044 | D:9      | Reached skill level 10 in Maces & Flails
 10420 | D:9      | Reached * piety under Okawaru
 10781 | D:10     | Entered Level 10 of the Dungeon
 10791 | D:10     | Reached XP level 11. HP: 92/101 MP: 11/11
 11348 | D:10     | Found a staircase to the Orcish Mines.
 11592 | D:10     | Identified the +5 hand axe of Objectivity {venom, *Slow
                  | rPois rCorr}
 11723 | D:11     | Noticed a wizard
 11724 | D:11     | Noticed a two-headed ogre
 11740 | D:11     | Killed a two-headed ogre
 11740 | D:11     | Reached ** piety under Okawaru
 11743 | D:11     | Killed a wizard
 11744 | D:11     | Reached skill level 11 in Fighting
 12035 | D:11     | Noticed a white ugly thing
 12057 | D:11     | HP: 7/153 [white ugly thing (28)]
 12065 | D:11     | Slain by a white ugly thing

Illustrated notes

Levels and vault maps discovered:
D:1:      mrwooster_arrival_arrow, layout_basic,
          shapermc_ecumenical_altar_rom_forum
D:2:      layout_rooms, grunt_decor_resistance
D:3:      layout_loops_corners, makhleb_altar_promises_db, serial_shops, shop,
          uniq_natasha
D:4:      layout_loops_cross, overflow_temple_1_default,
          minmay_temple_entry_wispy, moated_statue
D:5:      layout_cave_pools, mainiacjoe_overflow_divided_tiny,
          serial_gnoll_camp, gnoll_camp_huts_basic, gnoll_camp_medium_02,
          gnoll_camp_mini_basic, gnoll_camp_mini_hut, uniq_eustachio
D:6:      cheibrodos_barr_body, layout_layer_cave, uniq_crazy_yiuf_cottage
D:7:      layout_basic, nicolae_overflow_hidden_temple,
          mainiacjoe_overflow_alcove_2, minivault_19, uniq_menkaure
D:8:      layout_loops_ring, grunt_lair_entry_orc_guard_hut, serial_shops,
          shop_statue, uniq_maggie
D:9:      layout_layer_cave
D:10:     layout_loops_ring, orc_0_dummy, evilmike_butchery
D:11:     layout_loops_ring, uniq_erolcha
Temple:   nicolae_temple_ecumenical_triangle

Skill      XL: |  1  2  3  4  5  6  7  8  9 10 11 |
---------------+----------------------------------+-----
Fighting       | 4 5 6 7 8 10 11 | 11.1
Shields        | 4 |  4.1
Armour         | 4 5 6 7 8 9 |  9.7
Dodging        | 1 3 4 5 6 |  6.4
Maces & Flails | 1 2 4 5 8 10 | 10.9
Evocations     | 1 2 3 4 6 |  6.6
Unarmed Combat | 1 |  1.4
Throwing       | 2 |  2.5
Stealth        | 1 |  1.4
Invocations    | 1 2 |  2.8
Axes           | |  2.7

Action                   |  1- 3 |  4- 6 |  7- 9 | 10-12 || total
-------------------------+-------+-------+-------+-------++-------
Melee: War axe           |    30 |       |       |       ||    30
       Headbutt          |     7 |    13 |    48 |    63 ||   131
       Whip              |    36 |    77 |   266 |   309 ||   688
       Punch             |     1 |     1 |     2 |     8 ||    12
       Unarmed           |       |     8 |    12 |       ||    20
Throw: Boomerang         |       |       |     7 |       ||     7
Invok: Heroism           |       |       |       |     1 ||     1
  Use: Scroll            |       |     2 |     4 |     8 ||    14
       Potion            |       |       |     2 |     7 ||     9
Armor: Scale mail        |    17 |    25 |    26 |       ||    68
       Skin              |       |       |    11 |    40 ||    51
       Ring mail         |       |       |    34 |    14 ||    48
       Swamp dragon scal |       |       |       |    67 ||    67
Dodge: Dodged            |    31 |    68 |   217 |   222 ||   538
Block: Buckler           |     4 |       |       |       ||     4
